 Dungeon Crawl Stone Soup version 0.31-a0-229-g1fc7ce93e2 (webtiles) character file.

Game seed: 14303284180212995075

172 qw the Shooter (level 5, 0/45 HPs)
             Began as a Minotaur Hexslinger on July 6, 2023.
             Killed by divine providence
             ... invoked by an orc priest
              (12 damage)
             ... on level 3 of the Dungeon.
             The game lasted 00:01:02 (2575 turns).

qw the Shooter (Minotaur Hexslinger)                Turns: 2575, Time: 00:01:03

Health: 0/45       AC:  2    Str: 13    XL:     5   Next: 27%
Magic:  5/5        EV: 12    Int: 10    God:
Gold:   108        SH:  0    Dex: 14    Spells: 5/6 levels left

rFire   . . .        Y - +1 sling
rCold   . . .        (no shield)
rNeg    + . .        c - +0 robe
rPois   .            (helmet restricted)
rElec   .            (no cloak)
rCorr   .            (no gloves)
SInv    .            (no boots)
Will    .....        (no amulet)
Stlth   +            g - ring of positive energy
HPRegen 0.27/turn    (no ring)
MPRegen 0.09/turn

%: no passive effects
@: no status effects
A: horns 2, retaliatory headbutt
a: no special abilities


You were on level 3 of the Dungeon.
You visited 1 branch of the dungeon, and saw 3 of its levels.

You collected 108 gold pieces.


Innate Abilities, Weirdness & Mutations

You have a pair of horns on your head.
You reflexively headbutt those who attack you in melee.


   Skills:
 - Level 3.0 Fighting
 + Level 5.5 Ranged Weapons
 - Level 2.1 Dodging
 - Level 1.0 Spellcasting
 - Level 2.0 Hexes


You had 5 spell levels left.
You knew the following spells:

 Your Spells              Type           Power      Damage    Failure   Level
a - Slow                  Hex            16%        N/A       16%         1

Your spell library contained the following spells:

 Spells                   Type           Power      Damage    Failure   Level
 Inner Flame              Hex/Fire       2%         N/A       56%         3
 Portal Projectile        Hex/Tloc       4%         N/A       56%         3
 Cause Fear               Hex            2%         N/A       83%         4

Inventory:

Hand Weapons
 Y - a +1 sling (weapon)
Armour
 c - a +0 robe (worn)
Jewellery
 g - a ring of positive energy (left hand)
 h - a ring of ice
Scrolls
 a - a scroll of fog {unknown}
 e - 3 scrolls of identify
 i - a scroll of enchant armour {unknown}
Potions
 d - 2 potions of curing
 f - 2 potions of might
 j - 2 potions of enlightenment

Dungeon Overview and Level Annotations

Branches:
Dungeon (3/15)

Altars:
Ashenzari
Dithmenos
Gozag
Makhleb
Wu Jian
Xom
Zin

Annotations:
D:3 1 runed translucent door, qw's ghost, amateur GrHs


Message History

The orc wizard's wounds heal themselves!
The orc wizard gestures at you while chanting.
The puff of flame hits you!
You shoot a sling bullet. The sling bullet hits the orc wizard!
The orc wizard is heavily wounded.
The orc wizard gestures wildly while chanting.
The orc wizard flickers and vanishes!
Deactivating autopickup; reactivate with Ctrl-A.
You shoot a sling bullet.
The sling bullet closely misses the orc priest.
The orc priest calls down the wrath of Beogh upon you.
Beogh smites you!
You shoot a sling bullet. You shoot a sling bullet. The orc shouts!
The sling bullet hits the orc priest.
The orc priest is moderately wounded.
Something hits you.
You shoot a sling bullet.
The sling bullet hits the orc priest but does no damage.
The orc priest is moderately wounded.
Something hits you but does no damage.
You shoot a sling bullet. The sling bullet hits the orc priest!
The orc priest is severely wounded.
The orc priest barely misses you. Something hits you.
You shoot a sling bullet.
The sling bullet closely misses the orc priest.
The orc priest hits you with a +0 whip. Something hits you.
You shoot a sling bullet.
The sling bullet hits the orc priest but does no damage.
The orc priest is severely wounded.
The orc priest hits you with a +0 whip. Something barely misses you.
You shoot a sling bullet. The sling bullet hits the orc priest.
The orc priest is almost dead.
The orc priest hits you with a +0 whip. Something hits you but does no damage.
You shoot a sling bullet.
The sling bullet closely misses the orc priest.
The orc priest mumbles some strange prayers to Beogh against you.
Beogh smites you!
You die...

##............##'###
..............##.).#
#...#####.###.###.)#
...%# #....%...#.#
.##.#####..#####...#
.##.##.##..#
#.#######
....#.#.#..#
#o.......
...........# #{o..#
.####...##.#####@##.
.......###.......#
.# .#######
######### # ## # #.#
# #.# #.# #.# #.#


You could see an orc priest and an orc.

Vanquished Creatures
  An orc priest (D:3)
  2 gnolls (D:1)
  4 adders (D:2)
  3 orcs (D:3)
  9 ball pythons
  6 endoplasms
  5 giant cockroaches
  12 goblins
  3 hobgoblins
  7 jackals
  10 kobolds
  5 quokkas
  7 bats
  2 frilled lizards
  4 rats
80 creatures vanquished.

Notes
Turn   | Place    | Note
-------+----------+-------------------------------------------
     0 | D:1      | qw the Minotaur Hexslinger began the quest for the Orb.
     0 | D:1      | Reached XP level 1. HP: 16/16 MP: 1/1
     0 | D:1      | 0 ||| qw: Version: 0.3-a-46-gb1f654a
     0 | D:1      | 0 ||| qw: Game counter: 1221
     0 | D:1      | 0 ||| qw: Melee chars always use a shield: true
     0 | D:1      | 0 ||| qw: God list: Okawaru
     0 | D:1      | 0 ||| qw: Allow faded altars: false
     0 | D:1      | 0 ||| qw: Do Orc after clearing Dungeon:15 true
     0 | D:1      | 0 ||| qw: Do second Lair branch before Depths: true
     0 | D:1      | 0 ||| qw: Lair rune preference: random
     0 | D:1      | 0 ||| qw: Goals: Normal
     0 | D:1      | 0 ||| PLANNING D:1-11
   148 | D:1      | Reached skill level 3 in Ranged Weapons
   148 | D:1      | Reached XP level 2. HP: 23/23 MP: 2/2
   469 | D:1      | Reached XP level 3. HP: 14/29 MP: 3/3
   474 | D:1      | HP: 7/29 [constriction (1)]
   710 | D:1      | Reached skill level 4 in Ranged Weapons
   741 | D:1      | Found a faded altar of an unknown god.
   858 | D:1      | 858 ||| UPGRADING to ring of positive energy.
   859 | D:1      | 859 ||| READING scroll labelled VADYAX DEECK.
   860 | D:1      | 860 ||| READING 2 scrolls labelled FAAGUEFFOURI.
   861 | D:1      | 861 ||| DROPPING scroll of poison.
   921 | D:2      | 921 ||| STAIRDANCE
  1056 | D:2      | Reached XP level 4. HP: 28/36 MP: 4/4
  1194 | D:2      | HP: 9/36 [poisoned by a goblin]
  1398 | D:2      | Reached skill level 5 in Ranged Weapons
  1851 | D:2      | 1851 ||| DROPPING ring of flight.
  1852 | D:2      | 1852 ||| READING 2 scrolls labelled ERGHYL RUXUO.
  1855 | D:2      | 1855 ||| DRINKING 3 fizzy blue potions.
  1856 | D:2      | 1856 ||| READING 4 scrolls of identify.
  1856 | D:2      | 1856 ||| IDENTIFYING fuming golden potion
  1857 | D:2      | 1857 ||| READING 3 scrolls of identify.
  1857 | D:2      | 1857 ||| IDENTIFYING viscous golden potion
  1858 | D:2      | 1858 ||| READING 2 scrolls of identify.
  1858 | D:2      | 1858 ||| IDENTIFYING fuming yellow potion
  1859 | D:2      | 1859 ||| DROPPING potion of ambrosia.
  2030 | D:3      | Found an opulent altar of Gozag.
  2030 | D:3      | Found a shimmering altar of Xom.
  2031 | D:3      | Found a glowing silver altar of Zin.
  2093 | D:3      | Noticed qw's ghost (amateur GrHs)
  2103 | D:3      | Reached skill level 3 in Fighting
  2103 | D:3      | Found a runed translucent door.
  2238 | D:3      | Reached XP level 5. HP: 45/45 MP: 5/5
  2275 | D:3      | 2275 ||| Stepping ~*~*~tactically~*~*~ (outnumbered).
  2276 | D:3      | 2276 ||| Stepping ~*~*~tactically~*~*~ (outnumbered).
  2286 | D:3      | HP: 9/45 [orc priest/+0 club (4)]
  2287 | D:3      | 2287 ||| READING scroll of teleportation.
  2451 | D:3      | Found a shadowy altar of Dithmenos.
  2451 | D:3      | Found an ornate altar of the Wu Jian Council.
  2451 | D:3      | Found a burning altar of Makhleb.
  2452 | D:3      | Found a broken altar of Ashenzari.
  2575 | D:3      | Killed from afar by an orc priest

Levels and vault maps discovered:
D:1:      kennysheep_arrival_seaside, layout_loops_ring,
          hellmonk_ecumenical_altar_crossroads, st_stairs_10
D:2:      layout_rooms, minivault_26, chequers_serial_rivers_small_b,
          ebering_dispersal_statue_hall, st_stairs_14, grunt_ministairs_1,
          roderic_serpentine_path, minmay_fractal_squares_gapless_5
D:3:      layout_loops_ring, grunt_temple_overflow_open,
          hellmonk_ghost_happy_afterlife, kennysheep_orc_chapel

Skill      XL: |  1  2  3  4 |
---------------+-------------+-----
Ranged Weapons | 3 4 5 |  5.5
Fighting       | 2 3 |  3.0
Dodging        | |  2.1
Spellcasting   | |  1.0
Hexes          | |  2.0

Action                     |  1- 3 |  4- 6 || total
---------------------------+-------+-------++-------
   Fire: Sling             |   110 |   160 ||   270
    Use: Scroll            |     2 |     5 ||     7
         Potion            |       |     1 ||     1
 Armour: Robe              |    12 |    13 ||    25
  Dodge: Dodged            |    44 |    47 ||    91

Table legend:
 A = Non-vault XP
 B = Vault XP
 C = Vault XP percentage of total XP
 D = Non-vault monster count
 E = Vault monster count
 F = Vault count percentage of total count
                 A         B        C        D         E       F
            +---------+---------+-------+---------+---------+-------
      Total |     159 |      88 |  35.6 |      66 |      14 |  17.5
            +---------+---------+-------+---------+---------+-------
        D:1 |      74 |       6 |   7.5 |      31 |       3 |   8.8
        D:2 |      48 |      38 |  44.2 |      16 |       9 |  36.0
        D:3 |      37 |      44 |  54.3 |      19 |       2 |   9.5
            +---------+---------+-------+---------+---------+-------
